 Dungeon Crawl Stone Soup version 0.30-a0-364-gf6b3ef1049 (webtiles) character file.

Game seed: 18050719680640139518

316 ponyjar the Trooper (level 6, -2/48 HPs)
             Began as a Mummy Artificer on Nov 16, 2022.
             Slain by Duvessa
             ... wielding a +0 short sword
              (15 damage)
             ... on level 4 of the Dungeon.
             The game lasted 00:03:06 (3261 turns).

ponyjar the Trooper (Mummy Artificer)               Turns: 3261, Time: 00:03:07

Health: -2/48      AC:  7    Str: 18    XL:     6   Next: 20%
Magic:  0/6        EV: 11    Int: 10    God:
Gold:   136        SH:  0    Dex: 18    Spells: 5/5 levels left

rFire   x . .      SeeInvis .    p - +0 whip
rCold   + . .      Faith    +    (no shield)
rNeg    + + +      Spirit   +    b - +0 leather armour
rPois   ∞          Reflect  .    (no helmet)
rElec   .          Harm     .    (no cloak)
rCorr   .          Rampage  .    (no gloves)
Will    .....                    (no boots)
Stlth   ++........               l - amulet of guardian spirit
HPRegen 0.28/turn                j - +4 ring of protection
MPRegen 0.10/turn                n - +6 ring of dexterity

@: no status effects
A: cold resistance 1, negative energy resistance 3, torment resistance 2, heat
vulnerability 1, in touch with death 1, no potions, faith
a: no special abilities


You were on level 4 of the Dungeon.
You visited 1 branch of the dungeon, and saw 4 of its levels.

You collected 136 gold pieces.

Inventory:

Hand Weapons
 a - a +0 club
 p - a +0 whip (weapon)
Armour
 b - a +0 leather armour (worn)
 s - a +0 plate armour
Jewellery
 j - a +4 ring of protection (left hand)
 l - an amulet of guardian spirit (around neck)
 m - a ring of ice
 n - a +6 ring of dexterity (right hand)
 r - a ring of ice
Wands
 c - a wand of flame (9) (quivered)
 d - a wand of charming (12)
 e - a wand of iceblast (3)
 q - a wand of digging (7)
Scrolls
 f - a scroll of noise {unknown}
 g - 2 scrolls of enchant armour {unknown}
 h - 5 scrolls of identify {unknown}
 i - a scroll of teleportation {unknown}
 k - a scroll of enchant weapon {unknown}
 o - a scroll of immolation {unknown}


   Skills:
 * Level 4.0 Fighting
 * Level 3.2 Maces & Flails
 + Level 2.5 Armour
 - Level 0.7 Dodging
 - Level 0.7 Stealth
 - Level 2.4 Evocations


You had 5 spell levels left.
You didn't know any spells.
Your spell library contained the following spells:

 Spells                   Type           Power      Damage    Failure   Level
 Blink                    Tloc           0%         N/A       56%         2
 Manifold Assault         Tloc           0%         N/A       99%         4
 Storm Form               Tmut/Air       Unusable   N/A       N/A         7

Dungeon Overview and Level Annotations

Branches:
Dungeon (4/15)
 Temple: D:4-7

Altars:
Wu Jian

Annotations:
D:4 Duvessa


Innate Abilities, Weirdness & Mutations

You are immune to poison.
Your flesh is cold resistant. (rC+)
You are immune to negative energy. (rN+++)
You are immune to unholy pain and torment.
You are vulnerable to heat. (rF-)
You are in touch with the powers of death.
You do not drink.
You have a special connection with the divine. (Faith)


Message History

A dart slug comes into view.
Found an escape hatch in the floor.
Something hits the kobold!!
The kobold dies!
Unknown command.
A worm comes into view.
You hear a shout!
You swap places.
Duvessa hits the worm with a +0 short sword!
Duvessa hits the worm with a +0 short sword!!
The worm dies!
Duvessa is no longer charmed.
Duvessa rages.
You hit Duvessa but do no damage.
Duvessa is severely wounded.
Duvessa barely misses you.
Unknown command.
You barely miss Duvessa.
Duvessa is severely wounded.
Duvessa hits you with a +0 short sword! Duvessa misses you.
You barely miss Duvessa.
Duvessa is severely wounded.
Duvessa hits you with a +0 short sword!
You barely miss Duvessa.
Duvessa is severely wounded.
Duvessa misses you.
You barely miss Duvessa.
Duvessa is severely wounded.
Duvessa hits you but does no damage. Duvessa completely misses you.
You hit Duvessa.
Duvessa is almost dead.
Duvessa hits you with a +0 short sword.
You barely miss Duvessa.
Duvessa is almost dead.
Duvessa hits you with a +0 short sword.
You hit Duvessa.
Duvessa is almost dead.
Duvessa hits you with a +0 short sword!
* * * LOW HITPOINT WARNING * * *
Duvessa hits you with a +0 short sword!
You die...

w>.... .... ##.....# .....
....###.. #... . ....##
........###... .. ##. ..#
#.....#..##... ...##..##.#
#.....#.......
....†...#.####.# ##...##)..
#..........##..###...#.†...
#.......e.#....#....#.....
##.....?#@.......^#.....#.
#......#....######...###.
........##..#.# #....# ..
.#.##..##..#...# #........
# #......##).# #........
##.##......# ...... ..
##...... ........


You could see Duvessa (berserk).

Vanquished Creatures
  Sigmund (D:3)
  2 adders (D:2)
  An ufetubus (D:4)
  5 dart slugs
  8 orcs
  6 bats
  5 endoplasms
  5 goblins
  2 hobgoblins
  3 jackals (D:4)
  6 kobolds
  3 quokkas
  6 ball pythons
  3 frilled lizards
  5 rats
61 creatures vanquished.

Vanquished Creatures (collateral kills)
  Dowan (D:4)
  An adder (D:4)
  A worm (D:4)
  An endoplasm (D:4)
  A hobgoblin (D:4)
  2 kobolds (D:4)
  A quokka (D:4)
8 creatures vanquished.

Vanquished Creatures (others)
  3 plants (D:1)
3 creatures vanquished.

Grand Total: 72 creatures vanquished

Notes
Turn   | Place    | Note
-------+----------+-------------------------------------------
     0 | D:1      | ponyjar the Mummy Artificer began the quest for the Orb.
     0 | D:1      | Reached XP level 1. HP: 15/15 MP: 1/1
   118 | D:1      | You fall into a shaft and drop 1 floor!
   376 | D:1      | Reached XP level 2. HP: 19/22 MP: 2/2
   467 | D:1      | Reached skill level 1 in Maces & Flails
   743 | D:1      | Reached skill level 2 in Fighting
  1227 | D:2      | Gained mutation: You are in touch with the powers of death.
                  | [Mummy growth]
  1227 | D:2      | Reached XP level 3. HP: 22/27 MP: 3/3
  2326 | D:3      | Reached XP level 4. HP: 28/34 MP: 1/4
  2454 | D:3      | Identified the +8 dagger of the Decaying God {venom, Str+4}
  2504 | D:3      | Noticed Sigmund
  2512 | D:3      | Killed Sigmund
  2513 | D:3      | Reached skill level 3 in Fighting
  2513 | D:3      | Reached XP level 5. HP: 38/42 MP: 3/5
  2967 | D:3      | Found an ornate altar of the Wu Jian Council.
  3192 | D:4      | Noticed Dowan
  3194 | D:4      | Noticed Duvessa
  3211 | D:4      | Killed Dowan
  3212 | D:4      | Reached skill level 4 in Fighting
  3212 | D:4      | Reached XP level 6. HP: 48/48 MP: 6/6
  3261 | D:4      | Slain by Duvessa

Illustrated notes

Levels and vault maps discovered:
D:1:      saegor_arrival_miasma, layout_loops_ring, nrook_uturn,
          serial_bayou_lagoon_a
D:2:      minmay_recursive_quarters, layout_basic, kennysheep_generic_room_9
D:3:      layout_loops_ring, nzn_wu_jian_council_hall, hex_medium, uniq_sigmund
D:4:      layout_cave_pools, minmay_temple_entry_mist, grunt_ministairs_1,
          dreamdust_wishing_well, uniq_duvessa, uniq_grinder,
          uniq_crazy_yiuf_cottage

Skill      XL: |  1  2  3  4  5 |
---------------+----------------+-----
Maces & Flails | 1 2 3 |  3.2
Fighting       | 2 3 4 |  4.0
Armour         | 2 |  2.5
Dodging        | |  0.7
Stealth        | |  0.7
Evocations     | |  2.4

Action                   |  1- 3 |  4- 6 || total
-------------------------+-------+-------++-------
Melee: Club              |   205 |       ||   205
       Punch             |     2 |       ||     2
       Whip              |    10 |    83 ||    93
Evoke: Wand              |     7 |     4 ||    11
 Stab: Sleeping          |       |     1 ||     1
Armor: Leather armour    |   111 |    53 ||   164
Dodge: Dodged            |   164 |    64 ||   228

Table legend: (Time is in decaauts)
 A = Elapsed time spent in this place.
 B = Non-inter-level travel time spent in this place.
 C = Inter-level travel time spent in this place.
 D = Time resting spent in this place.
 E = Time spent auto-exploring this place.
 F = Levels seen in this place.
 G = Mean time per level.
                   A        B        C        D        E       F      G
               +--------+--------+--------+--------+--------+-----+--------+
         Total |   3306 |   3187 |    119 |    177 |   2345 |   4 |  826.5 |
       Dungeon |   3306 |   3187 |    119 |    177 |   2345 |   4 |  826.5 |
               +--------+--------+--------+--------+--------+-----+--------+

Top non-repeatable levels by time:
     D:2: 1266 daAuts
     D:1: 1010 daAuts
     D:3: 835 daAuts
     D:4: 193 daAuts
